 Dungeon Crawl Stone Soup version 0.22-a0-166-g5351223 (webtiles) character file.

249 Borgoz the Skirmisher (level 5, 0/48 HPs)
             Began as a Minotaur Abyssal Knight on Feb 13, 2018.
             Was a Follower of Lugonu.
             Slain by a crimson imp (1 damage)
             ... summoned by Natasha
             ... on level 2 of the Dungeon.
             The game lasted 00:02:02 (1705 turns).

Borgoz the Skirmisher (Minotaur Abyssal Knight)     Turns: 1705, Time: 00:02:03

Health: 0/48       AC:  3    Str: 16    XL:     5   Next: 87%
Magic:  5/5        EV: 12    Int:  9    God:    Lugonu [*.....]
Gold:   150        SH:  0    Dex: 11    Spells: 4/4 levels left

rFire    x . .     SeeInvis .   a - +1 hand axe
rCold    + . .     Gourm    .   (no shield)
rNeg     . . .     Faith    .   b - +0 leather armour
rPois    .         Spirit   .   (helmet restricted)
rElec    .         Reflect  .   (no cloak)
rCorr    .         Harm     .   (no gloves)
MR       .....                  (no boots)
Stlth    +.........             (no amulet)
HPRegen  0.16/turn              e - ring of ice
MPRegen  0.09/turn              (no ring)

@: slowed, very slow
A: retaliatory headbutt, horns 2
a: Depart the Abyss, Renounce Religion


You were on level 2 of the Dungeon.
You worshipped Lugonu.
Lugonu was aware of your devotion.
You were not hungry.

You visited 1 branch of the dungeon, and saw 2 of its levels.
You visited the Abyss 1 time.

You collected 150 gold pieces.

Inventory:

Hand Weapons
 a - a +1 hand axe (weapon)
 j - a +2 mace of holy wrath
Armour
 b - a +0 leather armour (worn)
Jewellery
 e - a ring of ice (left hand)
Wands
 f - a wand of flame (44)
 k - a wand of acid (10)
Scrolls
 d - 2 scrolls of remove curse {unknown}
 g - 3 scrolls of identify {unknown}
Potions
 h - a potion of haste {unknown}
 i - a potion of curing
Comestibles
 c - 4 rations


   Skills:
 + Level 5.4 Fighting
 + Level 4.5 Axes
 + Level 4.0 Armour
 + Level 1.7 Dodging
 + Level 0.6 Stealth
 + Level 2.3 Invocations


You had 4 spell levels left.
You didn't know any spells.

Dungeon Overview and Level Annotations

Branches:
Dungeon (2/15)

Altars:
Hepliaklqana

Annotations:
D:2 Natasha


Innate Abilities, Weirdness & Mutations

You reflexively headbutt those who attack you in melee.
You have a pair of horns on your head.


Message History

The crimson imp completely misses you. The iron imp misses you.
You furiously retaliate!
You headbutt the iron imp.
Natasha mumbles some strange words.
You hit Natasha.
Natasha is severely wounded.
You completely miss the iron imp. You hit the crimson imp.
The crimson imp hits you.
* * * LOW HITPOINT WARNING * * *
Natasha closely misses you. You furiously retaliate!
You headbutt Natasha, but do no damage. The iron imp closely misses you.
The crimson imp hits you.
* * * LOW HITPOINT WARNING * * *
You miss Natasha.
Natasha is severely wounded.
You hit the iron imp but do no damage. You hit the crimson imp.
You hit the crimson imp but do no damage.
Natasha claws you.
* * * LOW HITPOINT WARNING * * *
The crimson imp hits you.
You die...

...#.#.......#...
...#.#.#<....#.##
...#.#.#.#####.#.
######.##.............
#......###.##.#####.##
#......# #.##.# #...
#......###[##.########
#....†.'..............
#....@5####.#.########
#...5h5# #.#.#####
#......# #.#.....#
#......# #...###.#
#....... ##..# #†#
........%# #..###.####
..........#
##>.......#
..........# #.####.#.#
#.........


You could see an iron imp, Natasha and 2 crimson imps.

Vanquished Creatures
  Sigmund (D:2)
  Natasha (D:2)
  4 adders (D:2)
  An ooze (D:1)
  A worm (D:2)
  4 bats
  4 giant cockroaches (D:1)
  2 goblins
  6 hobgoblins
  2 kobolds
  2 rats
28 creatures vanquished.

Notes
Turn   | Place    | Note
-------+----------+-------------------------------------------
     0 | Abyss:1  | Borgoz the Minotaur Abyssal Knight began the quest for the Orb.
     0 | Abyss:1  | Reached XP level 1. HP: 19/19 MP: 1/1
    87 | Abyss:2  | Noticed a large abomination
    91 | Abyss:2  | Noticed an angel
    93 | D:1      | Escaped the Abyss
   309 | D:1      | Reached skill level 4 in Fighting
   309 | D:1      | Reached XP level 2. HP: 27/27 MP: 2/2
   867 | D:2      | Reached XP level 3. HP: 27/33 MP: 3/3
   901 | D:2      | HP: 1/33 [worm (10)]
  1195 | D:2      | Reached * piety under Lugonu
  1231 | D:2      | Noticed Sigmund
  1243 | D:2      | Killed Sigmund
  1243 | D:2      | Reached skill level 5 in Fighting
  1243 | D:2      | Reached XP level 4. HP: 5/42 MP: 4/4
  1243 | D:2      | Reached XP level 5. HP: 5/48 MP: 5/5
  1601 | D:2      | Noticed Natasha
  1604 | D:2      | Killed Natasha
  1649 | D:2      | Found a hazy altar of Hepliaklqana.
  1688 | D:2      | Noticed Natasha
  1705 | D:2      | HP: 1/48 [Natasha (3)]
  1705 | D:2      | Slain by a crimson imp

Vault maps used:
D:1:      giann_wishing_wells
D:2:      lemuel_round_altar, uniq_natasha, uniq_sigmund

Skill      XL: |  1  2  3  4  5 |
---------------+----------------+-----
Fighting       | 4 5 |  5.4
Axes           | 3 4 |  4.5
Invocations    | 2 |  2.3
Armour         | 3 4 |  4.0
Dodging        | |  1.7
Stealth        | |  0.6

Action                   |  1- 3 |  4- 6 || total
-------------------------+-------+-------++-------
Melee: Hand axe          |    45 |    29 ||    74
       Headbutt          |     8 |     4 ||    12
Invok: Depart the Abyss  |     1 |       ||     1
  Use: Potion            |     1 |     1 ||     2
 Stab: Sleeping          |       |     1 ||     1
  Eat: Chunk             |     1 |     1 ||     2
Armor: Leather armour    |     7 |    12 ||    19
Dodge: Dodged            |    33 |    34 ||    67

Table legend:
 A = Spawn XP
 B = Non-spawn XP
 C = Spawn XP percentage of total XP
 D = Spawn monster count
 E = Non-spawn monster count
 F = Spawn count percentage of total count
 G = Total turns spent on level
                    A         B        C        D         E        F      G
               +---------+---------+-------+---------+---------+-------+---------
         Total |       0 |     357 |   0.0 |       0 |      28 |   0.0 |  1705
               +---------+---------+-------+---------+---------+-------+---------
           D:1 |       0 |      27 |   0.0 |       0 |      12 |   0.0 |  1048
           D:2 |       0 |     330 |   0.0 |       0 |      16 |   0.0 |   564
               +---------+---------+-------+---------+---------+-------+---------
